 Dungeon Crawl Stone Soup version 0.30.1-3-gfc49f6343a (webtiles) character file.

Game seed: 12400846613226102138

213 Anriel the Covered (level 5, -3/33 HPs)
             Began as a Gargoyle Fighter on July 27, 2023.
             Was an Initiate of Okawaru.
             Slain by a black bear (10 damage)
             ... on level 4 of the Dungeon.
             The game lasted 00:14:43 (3149 turns).

Anriel the Covered (Gargoyle Fighter)               Turns: 3149, Time: 00:14:44

Health: -3/33      AC: 14    Str: 21    XL:     5   Next: 90%
Magic:  5/5        EV:  5    Int:  9    God:    Okawaru [......]
Gold:   1178       SH: 12    Dex:  9    Spells: 4/4 levels left

rFire   . . .        a - +1 flail
rCold   . . .        f - +0 tower shield
rNeg    + . .        c - +0 chain mail
rPois   ∞            (no helmet)
rElec   +            (no cloak)
rCorr   .            (no gloves)
SInv    .            j - +0 pair of boots
Will    .....        k - amulet of the acrobat Stlth
                     (no ring)
HPRegen 0.25/turn    (no ring)
MPRegen 0.09/turn

%: acrobat
@: no status effects
A: sickness immunity, AC +4, negative energy resistance 1, electricity
resistance, torment resistance 1, petrification resistance
a: Renounce Religion


You were on level 4 of the Dungeon.
You worshipped Okawaru.
Okawaru was noncommittal.
You visited 2 branches of the dungeon, and saw 5 of its levels.

You collected 1178 gold pieces.

Inventory:

Hand Weapons
 a - a +1 flail (weapon)
Armour
 c - a +0 chain mail (worn)
 e - the +3 robe of Responsibility {Rampage rN+ Will+ Str+4}
   (You found it on level 4 of the Dungeon)

   Str:       It affects your strength (+4).
   rN:        It protects you from negative energy.
   Rampage:   It bestows one free step when moving towards enemies.
   Will:      It increases your willpower.
 f - a +0 tower shield (worn)
 j - a +0 pair of boots (worn)
Jewellery
 k - an amulet of the acrobat (around neck)
Scrolls
 b - a scroll of identify
 h - a scroll of silence {unknown}
Potions
 d - a potion of might
 g - 5 potions of curing
 i - 4 potions of ambrosia


   Skills:
 + Level 4.3 Fighting
 * Level 4.0 Maces & Flails
 + Level 4.3 Armour
 + Level 4.2 Shields


You had 4 spell levels left.
You didn't know any spells.
Your spell library contained the following spells:

 Spells                   Type           Power      Damage    Failure   Level
 Shock                    Conj/Air       0%         1d3       100%        1
 Poisonous Vapours        Pois/Air       0%         N/A       100%        2
 Wereblood                Tmut           0%         N/A       100%        2
 Gell's Gravitas          Tloc           0%         N/A       100%        3
 Mephitic Cloud           Conj/Pois/Air  0%         N/A       100%        3
 Swiftness                Air            0%         N/A       100%        3
 Teleport Other           Tloc           0%         N/A       100%        3
 Airstrike                Air            0%         2d(0-16)  100%        4
 Freezing Cloud           Conj/Ice/Air   0%         6-21      100%        5
 Dispersal                Tloc           0%         N/A       100%        6
 Sublimation of Blood     Necr           Unusable   N/A       N/A         2
 Summon Hydra             Summ           Unusable   N/A       N/A         7

Dungeon Overview and Level Annotations

Branches:
Dungeon (4/15)             Temple (1/1) D:4

Altars:
Ashenzari
Cheibriados
Elyvilon
Fedhas
Kikubaaqudgha
Nemelex Xobeh
Okawaru
Qazlal
Sif Muna
Uskayaw
Vehumet
Yredelemnul
Zin
The Shining One


Innate Abilities, Weirdness & Mutations

You are immune to sickness and miasma.
Your stone body is resilient. (AC +4)
You are immune to poison.
You resist negative energy. (rN+)
You are resistant to electric shocks. (rElec)
You are resistant to unholy torment.
You are immune to petrification.


Message History

You closely miss the black bear.
The black bear is lightly wounded.
You block the black bear's attack. x2; The black bear barely misses you.
The black bear bites you. The black bear claws you.
You block the black bear's attack.
You hit the black bear.
The black bear is moderately wounded.
You block the black bear's attack. x2
The black bear claws you but does no damage.
You closely miss the black bear.
The black bear is moderately wounded.
The black bear barely misses you.
The black bear claws you but does no damage.
The black bear barely misses you. You block the black bear's attack. x3
You sock the black bear!
The black bear is almost dead.
The black bear goes berserk!
You hit the black bear.
The black bear is almost dead.
You block the black bear's attack.
The black bear claws you but does no damage.
The black bear claws you. The black bear bites you.
You block the black bear's attack.
The black bear claws you but does no damage.
The black bear bites you. The black bear closely misses you.
The black bear claws you but does no damage.
You hit the black bear.
The black bear is almost dead.
The black bear bites you. The black bear barely misses you.
You block the black bear's attack. x2
The black bear claws you but does no damage.
The black bear closely misses you.
You closely miss the black bear.
The black bear is almost dead.
The black bear bites you. The black bear claws you.
* * * LOW HITPOINT WARNING * * *
The black bear claws you.
* * * LOW HITPOINT WARNING * * *
The black bear bites you!
You die...

#.................
#.#...########.#.#
#.##...# #.###
#.##.#.##### #.#
#.##.#.....###.#
#.##.#####.....#
#.##.# ####..###
#.##.# #.<...
#@##.# ######
#h##. # #.# # #.#
# #.# # #.# #.#
#.#


You could see a black bear (berserk).

Vanquished Creatures
  A hound (D:4)
  An orc priest (D:4)
  7 adders
  An ufetubus (D:4)
  A worm (D:2)
  A dart slug (D:4)
  5 orcs
  5 bats
  4 endoplasms
  7 giant cockroaches
  5 goblins
  7 hobgoblins
  4 jackals (D:4)
  2 quokkas
  6 ball pythons
  7 frilled lizards
  7 kobolds
  8 rats
79 creatures vanquished.

Notes
Turn   | Place    | Note
-------+----------+-------------------------------------------
     0 | D:1      | Anriel the Gargoyle Fighter began the quest for the Orb.
     0 | D:1      | Reached XP level 1. HP: 14/14 MP: 1/1
   304 | D:1      | Found a faded altar of an unknown god.
   364 | D:1      | Reached XP level 2. HP: 19/19 MP: 2/2
   553 | D:1      | You fall into a shaft and drop 1 floor!
   773 | D:1      | Reached XP level 3. HP: 23/23 MP: 3/3
  1521 | D:2      | Reached XP level 4. HP: 28/29 MP: 4/4
  2477 | D:3      | Identified a scroll of acquirement
  2477 | D:3      | Acquired 980 gold pieces
  2540 | D:4      | Reached XP level 5. HP: 22/33 MP: 5/5
  2586 | D:4      | Found a staircase to the Ecumenical Temple.
  2595 | Temple   | Entered the Ecumenical Temple
  2803 | Temple   | Became a worshipper of Warmaster Okawaru
  2844 | D:4      | Identified the +3 robe of Responsibility {Rampage rN+ Will+
                  | Str+4}
  3132 | D:4      | Noticed a black bear
  3149 | D:4      | Slain by a black bear

Illustrated notes

Levels and vault maps discovered:
D:1:      dpeg_arrival_shrine, layout_loops_corners,
          ebering_ecumenical_altar_hall
D:2:      layout_basic, minmay_split_cup_large
D:3:      layout_basic, grunt_decor_one_mirror
D:4:      layout_basic, minmay_temple_entry_arrows, minivault_27
Temple:   eino_temple_water

Skill      XL: |  1  2  3  4  5 |
---------------+----------------+-----
Maces & Flails | 3 4 |  4.0
Fighting       | 4 |  4.3
Armour         | 4 |  4.3
Shields        | 4 |  4.2

Action                     |  1- 3 |  4- 6 || total
---------------------------+-------+-------++-------
  Melee: Flail             |   135 |   170 ||   305
    Use: Scroll            |     3 |     6 ||     9
 Armour: Scale mail        |    55 |       ||    55
         Chain mail        |    10 |   176 ||   186
  Dodge: Dodged            |    35 |    61 ||    96
  Block: Buckler           |     1 |       ||     1
         Tower shield      |    82 |   161 ||   243
